 Dungeon Crawl Stone Soup version 0.25.0-26-g0c896c7088 (webtiles) character file.

Game seed: 15070807556582646249

837 Exodus22XD the Poker (level 7, -6/52 HPs)
             Began as a Demonspawn Gladiator on July 4, 2020.
             Mangled by an ogre
             ... wielding a +0 giant club
              (16 damage)
             ... on level 4 of the Dungeon.
             The game lasted 00:09:50 (6437 turns).

Exodus22XD the Poker (Demonspawn Gladiator)         Turns: 6437, Time: 00:09:50

Health: -6/52      AC: 13    Str: 16    XL:     7   Next: 66%
Magic:  0/7        EV: 10    Int:  9    God:
Gold:   121        SH:  4    Dex: 15    Spells: 6/6 levels left

rFire    + . .     SeeInvis .   a - +0 trident
rCold    x . .     Gourm    .   o - +0 buckler
rNeg     . . .     Faith    .   s - +0 scale mail
rPois    .         Spirit   +   (helmet restricted)
rElec    .         Reflect  .   n - +0 cloak
rCorr    .         Harm     .   (no gloves)
MR       .....                  (no boots)
Stlth    ..........             (no amulet)
HPRegen  0.17/turn              b - ring of fire
MPRegen  0.10/turn              (no ring)

@: sanguine armour, lightly drained
A: antennae 1, magic shield, sanguine armour 1
a: no special abilities


You were on level 4 of the Dungeon.
You were not hungry.

You visited 1 branch of the dungeon, and saw 4 of its levels.
You also visited: Sewer.

You collected 121 gold pieces.

Inventory:

Hand Weapons
 a - a +0 trident (weapon)
Missiles
 d - 4 throwing nets (quivered)
Armour
 n - a +0 cloak (worn)
 o - a +0 buckler (worn)
 s - a +0 scale mail (worn)
Jewellery
 b - a ring of fire (left hand)
Wands
 h - a wand of flame (24)
Scrolls
 c - a scroll of immolation
 e - 4 scrolls of blinking
 i - a scroll of fog {unknown}
 k - 3 scrolls of teleportation
 q - a scroll of enchant armour
 r - 2 scrolls of fear {unknown}
 t - 3 scrolls of magic mapping
Potions
 g - a potion of lignification {unknown}
 j - a potion of mutation
 l - 3 potions of flight
 m - a potion of stabbing {unknown}
 p - a potion of curing {unknown}
 u - a potion of brilliance {unknown}
 v - 3 potions of heal wounds {unknown}
 w - 4 potions of haste {unknown}
 x - 2 potions of magic {unknown}
Comestibles
 f - 6 rations
 z - 2 chunks of flesh


   Skills:
 + Level 3.3(2.8) Fighting
 + Level 6.1(5.5) Polearms
 + Level 2.0(1.5) Throwing
 + Level 3.4(2.9) Armour
 + Level 3.7(3.2) Dodging
 + Level 1.3(0.8) Stealth
 + Level 1.0(0.5) Shields


You had 6 spell levels left.
You didn't know any spells.
Your spell library was empty.

Dungeon Overview and Level Annotations

Branches:
Dungeon (4/15)              Sewer (visited)
 Temple: D:4-7

Altars:
Gozag
Makhleb


Innate Abilities, Weirdness & Mutations

You have a pair of small antennae on your head.
When hurt, damage is shared between your health and your magic reserves.
When seriously injured, your bleeding wounds create armour. (AC +6)


Message History

The ogre hits you but does no damage.
You hit the ogre.
The ogre is moderately wounded.
The ogre hits you but does no damage.
You hit the ogre but do no damage.
The ogre is moderately wounded.
The ogre hits you with a +0 giant club.
You puncture the ogre!
The ogre is heavily wounded.
You hit the ogre.
The ogre is severely wounded.
The ogre hits you with a +0 giant club!!
* * * LOW HITPOINT WARNING * * *
You are too injured to fight recklessly!
You are too injured to fight recklessly!
You are too injured to fight recklessly!
You hit the ogre.
The ogre is severely wounded.
The ogre hits you with a +0 giant club!
You die...

..## #.......
.........# ...##
#...... #......# ....##
##.....# #......#
.....###......#
##.....##
......##.....#
#....?..#
.............#
#.......#
#...........##
##.).##...#
#............#####..###
...#
#........###..##@O.##
....# #.....##.#
##...)### ......
....####.# ##..##
.#.%.## ...## #.#
##..## ####.# .### ###
#.##.# .# ## ######


You could see an ogre.

Vanquished Creatures
  Eustachio (D:4)
  An ogre (D:4)
  2 bullfrogs (Sewer)
  A hound (D:4)
  A centaur skeleton (D:4)
  A worker ant (D:4)
  A hound skeleton (D:4)
  3 gnolls (D:3)
  18 adders
  4 river rats (Sewer)
  4 oozes
  An adder skeleton (D:2)
  A worm (D:2)
  A dart slug (D:2)
  6 leopard geckos (D:4)
  14 orcs
  15 bats
  3 giant cockroaches
  4 goblins
  6 hobgoblins
  3 jackals (D:1)
  7 kobolds
  2 quokkas
  10 ball pythons
  5 frilled lizards
  33 rats
148 creatures vanquished.

Notes
Turn   | Place    | Note
-------+----------+-------------------------------------------
     0 | D:1      | Exodus22XD the Demonspawn Gladiator began the quest for the
                  | Orb.
     0 | D:1      | Reached XP level 1. HP: 16/16 MP: 1/1
   276 | D:1      | Gained mutation: When hurt, damage is shared between your
                  | health and your magic reserves. [demonic ancestry]
   276 | D:1      | Reached XP level 2. HP: 22/22 MP: 2/2
   421 | D:1      | Reached skill level 3 in Polearms
   747 | D:2      | Gained mutation: When seriously injured, your bleeding
                  | wounds create armour. (AC +6) [demonic ancestry]
   747 | D:2      | Reached XP level 3. HP: 13/27 MP: 0/3
  1336 | D:2      | Reached skill level 1 in Armour
  1733 | D:2      | Reached skill level 1 in Stealth
  1733 | D:2      | Gained mutation: You have a pair of small antennae on your
                  | head. [demonic ancestry]
  1733 | D:2      | Reached XP level 4. HP: 33/33 MP: 4/4
  1781 | D:2      | Found an opulent altar of Gozag.
  2353 | D:2      | Found a burning altar of Makhleb.
  2913 | D:3      | Reached XP level 5. HP: 30/38 MP: 5/5
  2933 | D:3      | Reached skill level 4 in Polearms
  4027 | D:4      | Noticed an ogre
  4044 | D:4      | Killed an ogre
  4044 | D:4      | Reached XP level 6. HP: 14/46 MP: 2/6
  4327 | D:4      | Reached skill level 5 in Polearms
  4332 | D:4      | Found a glowing drain.
  4352 | Sewer    | Entered a sewer
  5642 | Sewer    | Reached XP level 7. HP: 33/51 MP: 5/7
  6278 | D:4      | Noticed Eustachio
  6303 | D:4      | Killed Eustachio
  6303 | D:4      | Reached skill level 6 in Polearms
  6303 | D:4      | Reached skill level 1 in Shields
  6437 | D:4      | Mangled by an ogre

Illustrated notes

Levels and vault maps discovered:
D:1:      onia_arrival_pentagram, layout_basic, minmay_domino_4
D:2:      layout_basic, marbit_many_paths, old_standard_altar
D:3:      layout_loops_ring, serial_bayou_pond_e, nrook_loot_triangle
D:4:      layout_layer_cave, lemuel_round_altar, gup_sewer_entry_pipe,
          serial_glass, glass_columns_b, glass_columns_a, uniq_eustachio

Skill      XL: |  1  2  3  4  5  6  7 |
---------------+----------------------+-----
Dodging        | 3 |  3.7
Throwing       | 2 |  2.0
Polearms       | 3 4 5 6 |  6.1
Armour         | 1 2 3 |  3.4
Stealth        | 1 |  1.3
Fighting       | 3 |  3.3
Shields        | 1 |  1.0

Action                   |  1- 3 |  4- 6 |  7- 9 || total
-------------------------+-------+-------+-------++-------
Melee: Trident           |   125 |   383 |   109 ||   617
  Use: Scroll            |       |    10 |     1 ||    11
 Stab: Sleeping          |     5 |     1 |       ||     6
  Eat: Chunk             |     3 |    12 |     4 ||    19
Armor: Leather armour    |    21 |       |       ||    21
       Ring mail         |       |    33 |       ||    33
       Scale mail        |       |   140 |    35 ||   175
Dodge: Dodged            |    75 |   234 |    41 ||   350
Block: Buckler           |       |    40 |    15 ||    55
